 Dungeon Crawl Stone Soup version 0.21-a0-352-g5b8f553 (webtiles) character file.

169481 Ijustatesigmund the Eternal Night (level 17, -4/94 HPs)
             Began as a Vine Stalker Assassin on Oct 10, 2017.
             Was the Champion of Dithmenos.
             Killed from afar by a lindwurm (22 damage)
             ... with a blast of flame
             ... on level 4 of the Snake Pit on Oct 11, 2017.
             The game lasted 01:48:06 (27674 turns).

Ijustatesigmund the Eternal Night (VSAs)           Turns: 27674, Time: 01:48:07

Health: -4/94      AC: 19    Str: 14    XL:     17   Next: 97%
Magic:  0/29       EV: 13    Int: 14    God:    Dithmenos [******]
Gold:   1186       SH: 20    Dex: 24    Spells: 26/30 levels left

rFire    . . .     SeeInvis .   a - +9 rapier of Pautecw {speed, MR+}
rCold    + . .     Gourm    .   G - +3 large shield {rPois}
rNeg     . . .     Faith    .   c - +4 ring mail {rC+}
rPois    +         Spirit   +   q - +1 helmet
rElec    +         Reflect  .   d - +1 cloak
rCorr    .         Harm     .   D - +1 pair of gloves
MR       +++..     Clarity  +   Q - +1 pair of boots
Stlth    +++++++++.             (no amulet)
HPRegen  1.05/turn              P - ring of Monotheism {rElec Str-3 Int+3 Dex+2}
MPRegen  0.21/turn              i - +3 ring of slaying

@: wreathed by umbra
A: fangs 3, clarity, regeneration 2, strong 1, wild magic 1, magic shield,
antimagic bite, no potion heal 3, rot immunity, sturdy frame 1
a: Shadow Step, Shadow Form, Renounce Religion


You were on level 4 of the Snake Pit.
You worshipped Dithmenos.
Dithmenos was exalted by your worship.
You were very hungry.

You visited 5 branches of the dungeon, and saw 27 of its levels.

You collected 2412 gold pieces.
You spent 1226 gold pieces at shops.

Inventory:

Hand Weapons
 a - the +9 rapier of Pautecw (weapon) {speed, MR+}
   (You bought it in a shop on level 9 of the Dungeon)

   Attacks with this weapon are significantly faster.
   It affects your resistance to hostile enchantments.
 b - a +5 blowgun
 I - the +8 rapier of the Endless Expanse {holy, +Inv Int-5 SInv Stlth+}
   (You found it on level 1 of the Lair of Beasts)

   It has been blessed by the Shining One to cause great damage to the undead
   and demons.
   It affects your intelligence (-5).
   It lets you see invisible.
   It lets you turn invisible.
   It makes you more stealthy.
 O - a +4 rapier
Missiles
 e - 58 poisoned needles
 f - 13 curare-tipped needles
 B - 6 needles of paralysis
Armour
 c - a +4 ring mail of cold resistance (worn)
 d - a +1 cloak (worn)
 q - a +1 helmet (worn)
 D - a +1 pair of gloves (worn)
 G - a +3 large shield of poison resistance (worn)
 Q - a +1 pair of boots (worn)
Jewellery
 i - a +3 ring of slaying (right hand)
 k - an uncursed ring of fire
 s - an uncursed ring of positive energy
 u - an uncursed ring of ice
 J - an uncursed ring of fire
 L - an uncursed ring of magical power
 P - the ring of Monotheism (left hand) {rElec Str-3 Int+3 Dex+2}
   (You acquired it on level 1 of the Snake Pit)

   [ring of dexterity]

   It affects your strength (-3).
   It affects your intelligence (+3).
   It affects your dexterity (+2).
   It insulates you from electricity.
 R - an uncursed ring of see invisible
 T - an uncursed ring of stealth
 Y - a +4 amulet of reflection {unknown}
Wands
 v - a wand of iceblast (10/15)
 z - a wand of enslavement (11/24)
 A - a wand of disintegration (21/24)
 E - a wand of lightning (7/15)
 K - a wand of confusion (18/48)
Scrolls
 o - 13 scrolls of remove curse
 r - 2 scrolls of amnesia
 w - 8 scrolls of teleportation
 y - 6 scrolls of magic mapping
 C - 2 scrolls of fog
 H - 6 scrolls of identify
 N - 2 scrolls of fear
 S - 4 scrolls of recharging
Potions
 j - 6 potions of flight
 m - 6 potions of curing
 p - a potion of resistance
 t - 4 potions of invisibility
 x - a potion of agility
 F - 2 potions of mutation
 M - 2 potions of magic
 U - a potion of berserk rage
 V - 2 potions of might
 W - 2 potions of haste
Books
 X - a book of Necromancy

   Spells                             Type                      Level
   a - Pain                           Necromancy                   1
   b - Animate Skeleton               Necromancy                   1
   c - Vampiric Draining              Necromancy                   3
   d - Regeneration                   Charms/Necromancy            3
   e - Animate Dead                   Necromancy                   4
   f - Control Undead                 Necromancy                   4
 Z - a book of Summonings

   Spells                             Type                      Level
   a - Recall                         Summoning/Translocation      3
   b - Aura of Abjuration             Summoning                    5
   c - Summon Demon                   Summoning                    5
   d - Summon Forest                  Summoning/Translocation      5
   e - Summon Mana Viper              Hexes/Summoning              5
   f - Shadow Creatures               Summoning                    6
Comestibles
 g - 12 bread rations
 h - 9 royal jellies
 l - 3 fruits
 n - 6 meat rations


   Skills:
 + Level 12.7 Fighting
 + Level 12.7 Short Blades
 - Level 1.7 Throwing
 + Level 5.6 Armour
 + Level 6.3 Dodging
 - Level 12.3 Stealth
 + Level 9.8 Shields
 - Level 7.3 Spellcasting
 - Level 11.9 Translocations
 - Level 12.9 Invocations
 - Level 4.2 Evocations


You had 26 spell levels left.
You knew the following spells:

 Your Spells              Type           Power        Failure   Level  Hunger
a - Apportation           Tloc           ######       2%          1    None
b - Magic Dart            Conj           #...         86%         1    None
c - Blink                 Tloc           N/A          3%          2    None


Dungeon Overview and Level Annotations

Branches:
Dungeon (15/15)            Temple (1/1) D:5            Lair (5/6) D:9
 Shoals (0/4) Lair:2        Snake (4/4) Lair:2        Slime (0/5) Lair:5
    Orc (2/2) D:11            Elf (0/3) Orc:2        Vaults (0/5) D:13
 Depths (0/5) D:15

Altars:
Ashenzari
Cheibriados
Dithmenos
Elyvilon
Fedhas
Gozag
Hepliaklqana
Kikubaaqudgha
Makhleb
Nemelex Xobeh
Okawaru
Qazlal
Ru
Sif Muna
Trog
Uskayaw
Vehumet
Wu Jian
Xom
Yredelemnul
Zin
The Shining One
Beogh
Jiyva

Shops:
D:5 ?   D:9 (   D:10 ?   Orc:2 [(*}

Annotations:
D:8 2 transporters


Innate Abilities, Weirdness & Mutations

You have razor-sharp teeth.
You heal very quickly.
When hurt, damage is shared between your health and your magic reserves.
Your bite disrupts and absorbs the magic of your enemies.
Potions cannot restore your health.
You are immune to rotting.
You possess an exceptional clarity of mind.
Your muscles are strong. (Str +2)
Your spells are a little harder to cast, but a little more powerful.
Your movements are slightly less encumbered by armour. (ER -2)


Message History

You puncture the naga mage!
The naga mage is almost dead.
The salamander mystic gestures at you while chanting.
The bolt of magma hits you!
The naga sharpshooter casts a spell.
The naga sharpshooter magically shoots a bolt.
The bolt hits you!! You block the naga mage's attack.
The naga mage barely misses you.
You hit the naga mage but do no damage. You bite the naga mage.
The naga mage's magic leaks into the air.
You drain its magic.
You feel invigorated.
You kill the naga mage!
Dithmenos accepts your kill.
The salamander mystic hits you with a quarterstaff!
* * * LOW HITPOINT WARNING * * *
You are engulfed in flames!
* * * LOW HITPOINT WARNING * * *
The lindwurm breathes flames at you. The blast of flame hits you!
You die...

##......##.......≈≈.§.....#..#.##
....###..#......≈§≈≈......#....#
#..## ##.#.....≈§§≈≈≈.§...#..###
#..# ###..≈§≈≈≈§≈§≈§§≈§.##.# ...#
##...≈≈≈≈§≈§≈§§≈≈...### ...#
##.§§≈≈≈########≈≈§...## #..#
##..≈§≈###......###≈§≈§.##
#^####..≈≈≈##.(NNN.N...##§≈≈..##
#.###..≈≈≈##..))@kS)....##≈≈≈).##
#.##..§§≈##...)######....##≈≈≈..#
###..§≈≈##.).###,,,,***...##≈≈≈..
#)..≈§##)..##,,,,,,,,**,.,##≈≈≈)
#....≈#)..##,,≈≈≈≈≈≈,,**,,,#≈≈§.
#.....)...#,,≈≈≈≈≈≈≈,,,*,,+#####
###########,≈≈≈≈≈≈≈≈≈≈,**+*,,,*#
**,,,***,,≈≈≈≈≈≈≈≈≈≈,,**,,,,,#
**,,,,,**,≈≈≈≈≈≈≈≈≈≈≈≈,*,,,,,,,


You could see a naga warrior, a naga sharpshooter, 2 salamander mystics, a
lindwurm and a guardian serpent.

Vanquished Creatures
  Agnes (Snake:3)
  14 nagarajas
  A fire giant (D:15)
  A stone giant (Orc:2)
  Nessos (Lair:5)
  Snorg (Orc:1)
  A fire dragon (Lair:1)
  Josephine (Orc:1)
  Fannar (Orc:1)
  4 hydras
  18 naga warriors
  2 death knights
  7 anacondas
  3 two-headed ogres
  2 tengu warriors
  12 shock serpents
  5 orc high priests
  Urug (Lair:4)
  10 naga sharpshooters
  Sonja (Orc:2)
  Nergalle (Orc:1)
  2 salamander mystics (Snake:4)
  A skeletal warrior (D:15)
  2 unseen horrors
  5 naga ritualists
  10 orc knights
  Pikel (D:8)
  3 lindwurms (Snake:4)
  2 phantasmal warriors
  A necromancer (D:13)
  A wolf spider zombie (D:14)
  5 mana vipers
  2 orc sorcerers (Orc:2)
  A deep elf mage (D:15)
  6 cyclopes
  An oklob plant (Snake:2)
  4 manticores
  16 ugly things
  6 salamanders
  An elephant (D:9)
  9 guardian serpents
  3 merfolk sirens (Lair:2)
  Maurice (D:9)
  45 black mambas
  25 naga magi
  2 gargoyles
  A molten gargoyle (Lair:5)
  2 kobold demonologists (D:12)
  6 spiny frogs
  5 komodo dragons
  2 rime drakes
  3 freezing wraiths
  9 trolls
  2 tengu conjurers
  A merfolk (Lair:2)
  2 wind drakes (shapeshifter)
  A hornet (D:9)
  4 slime creatures (D:14)
  6 hippogriffs
  9 blink frogs
  Sigmund (D:3)
  A vampire (D:11)
  4 wyverns
  34 yaks
  8 wraiths
  A fire elemental (Orc:2)
  3 basilisks
  A steam dragon (D:12)
  A hungry ghost (D:13)
  6 vampire mosquitoes (D:15)
  Grum (D:8)
  2 wargs
  52 nagas
  Edmund (D:4)
  An acid dragon (D:14)
  3 soldier ants
  19 water moccasins
  3 porcupines
  5 ice beasts
  37 orc warriors
  5 sky beasts
  An eye of draining (shapeshifter) (D:13)
  An eye of draining (D:15)
  4 phantoms
  A necrophage (D:5)
  4 black bears
  17 ogres
  10 crocodiles
  4 wolves (D:8)
  4 centaurs
  5 big kobolds
  2 elf zombies (D:12)
  10 bullfrogs
  3 wyvern zombies
  An elf skeleton (D:12)
  A wyvern skeleton (D:11)
  8 wights
  7 killer bees
  4 electric eels
  3 howler monkeys (D:13)
  5 crimson imps
  A bullfrog zombie (D:6)
  4 centaur zombies
  2 quasits (D:11)
  4 hounds
  5 jellies
  4 human zombies (D:12)
  29 orc priests
  A bullfrog skeleton (D:4)
  11 orc wizards
  2 centaur skeletons
  3 iguanas
  13 worker ants
  An ogre zombie (D:12)
  An ogre skeleton (D:12)
  A hound skeleton (D:6)
  A mummy (D:12)
  A howler monkey skeleton (D:10)
  3 gnolls (Orc:1)
  10 adders
  3 shadow imps
  2 oozes
  An adder zombie (D:6)
  2 adder skeletons
  4 worms
  2 dart slugs (D:1)
  5 leopard geckos
  100 orcs
  11 bats
  7 giant cockroaches
  7 goblins
  7 hobgoblins
  21 jackals
  6 quokkas
  A ball python (D:1)
  4 frilled lizards
  20 kobolds
  An orc zombie (D:12)
  A quokka skeleton (D:5)
  A quokka zombie (D:6)
  5 rats
  A plant (Lair:3)
889 creatures vanquished.

Vanquished Creatures (others)
  A salamander (Snake:4)
  A naga mage (Snake:4)
  5 plants
7 creatures vanquished.

Grand Total: 896 creatures vanquished

Notes
Turn   | Place    | Note
-------+----------+-------------------------------------------
     0 | D:1      | Ijustatesigmund the Vine Stalker Assassin began the quest for the Orb.
     0 | D:1      | Reached XP level 1. HP: 11/11 MP: 2/2
    49 | D:1      | Reached skill level 5 in Stealth
   141 | D:1      | Reached XP level 2. HP: 15/15 MP: 3/3
   478 | D:1      | Reached XP level 3. HP: 17/18 MP: 2/4
  1072 | D:2      | Gained mutation: Your natural rate of healing is unusually fast. [Vine Stalker growth]
  1072 | D:2      | Reached XP level 4. HP: 11/23 MP: 2/5
  1397 | D:2      | Found a glowing silver altar of Zin.
  1398 | D:2      | Noticed an angel
  1629 | D:3      | Reached XP level 5. HP: 26/26 MP: 6/6
  1801 | D:3      | Noticed Sigmund
  1814 | D:3      | Killed Sigmund
  1814 | D:3      | Reached XP level 6. HP: 21/30 MP: 7/7
  2198 | D:5      | Entered Level 5 of the Dungeon
  2467 | D:4      | Noticed Edmund
  2484 | D:4      | Killed Edmund
  2484 | D:4      | Reached XP level 7. HP: 4/36 MP: 2/8
  2833 | D:4      | Found a sparkling altar of Nemelex Xobeh.
  2879 | D:4      | Reached skill level 1 in Armour
  2958 | D:4      | Found an iron altar of Okawaru.
  2961 | D:4      | Found a shattered altar of Ashenzari.
  2964 | D:4      | Found a hide-covered altar of Uskayaw.
  3128 | D:5      | Found a staircase to the Ecumenical Temple.
  3138 | Temple   | Entered the Ecumenical Temple
  3289 | Temple   | Became a worshipper of Dithmenos the Shadowed
  3399 | D:5      | Gained mutation: You have razor-sharp teeth. [Vine Stalker growth]
  3399 | D:5      | Reached XP level 8. HP: 35/42 MP: 9/9
  3629 | D:5      | Found Zucveh's Magic Scroll Boutique.
  3634 | D:5      | Bought a scroll of teleportation for 42 gold pieces
  3634 | D:5      | Bought a scroll of identify for 28 gold pieces
  3634 | D:5      | Bought a scroll of identify for 28 gold pieces
  4178 | D:6      | Reached * piety under Dithmenos
  4250 | D:6      | Found a bloodstained altar of Trog.
  4252 | D:6      | Reached skill level 5 in Fighting
  4252 | D:6      | Reached skill level 5 in Short Blades
  4431 | D:6      | Found a hazy altar of Hepliaklqana.
  4435 | D:6      | Gained mutation: Your muscles are strong. (Str +2) [potion of mutation]
  4435 | D:6      | Gained mutation: Your movements are slightly less encumbered by armour. (ER -2) [potion of mutation]
  4435 | D:6      | Gained mutation: You possess an exceptional clarity of mind. [potion of mutation]
  4435 | D:6      | Gained mutation: Your spells are a little harder to cast, but a little more powerful. [potion of mutation]
  4436 | D:6      | Found a shimmering altar of Xom.
  4436 | D:6      | Noticed a thorn hunter
  4437 | D:6      | Noticed a thorn hunter
  4437 | D:6      | Noticed a spectral ugly thing
  4516 | D:6      | Reached skill level 1 in Invocations
  4740 | D:6      | Reached XP level 9. HP: 42/47 MP: 11/11
  5212 | D:7      | Reached skill level 5 in Invocations
  5317 | D:7      | Found a burning altar of Makhleb.
  5318 | D:7      | Found a radiant altar of Vehumet.
  5351 | D:7      | Learned a level 1 spell: Apportation
  5597 | D:7      | Reached ** piety under Dithmenos
  5827 | D:8      | Found a shimmering altar of Xom.
  5914 | D:8      | Found a transporter.
  5917 | D:8      | Found an ancient bone altar of Kikubaaqudgha.
  5919 | D:8      | Noticed a death knight
  5921 | D:8      | Found a basalt altar of Yredelemnul.
  5936 | D:8      | Noticed a skeletal warrior
  5937 | D:8      | Noticed Grum
  5939 | D:8      | Found a transporter.
  5945 | D:8      | Killed Grum
  5958 | D:8      | Reached skill level 10 in Stealth
  6056 | D:8      | Reached XP level 10. HP: 49/53 MP: 14/16
  6083 | D:8      | Reached skill level 5 in Dodging
  6083 | D:8      | Reached XP level 11. HP: 60/60 MP: 17/17
  6108 | D:8      | Noticed Pikel
  6118 | D:8      | Killed Pikel
  6374 | D:9      | Found a sparkling altar of Nemelex Xobeh.
  6399 | D:9      | Found Voido's Weapon Emporium.
  6442 | D:9      | Noticed a two-headed ogre
  6464 | D:9      | Killed a two-headed ogre
  6602 | D:9      | Found a staircase to the Lair.
  7006 | D:9      | Found a basalt altar of Yredelemnul.
  7322 | D:10     | Entered Level 10 of the Dungeon
  7322 | D:10     | Noticed Maurice
  7536 | D:9      | Killed Maurice
  7536 | D:9      | Reached *** piety under Dithmenos
  8057 | D:10     | Found Tiaxi's Magic Scroll Boutique.
  8435 | D:11     | Found a staircase to the Orcish Mines.
  8562 | D:11     | Noticed a cyclops
  8570 | D:11     | Killed a cyclops
  8570 | D:11     | Gained mutation: You heal very quickly. [Vine Stalker growth]
  8570 | D:11     | Reached XP level 12. HP: 66/66 MP: 19/19
  8794 | D:11     | Reached **** piety under Dithmenos
  9327 | D:12     | Found a stormy altar of Qazlal.
  9544 | D:12     | Noticed a death knight
  9587 | D:12     | Found an ancient bone altar of Kikubaaqudgha.
 10042 | Lair:1   | Entered Level 1 of the Lair of Beasts
 10065 | Lair:1   | Found a bloodstained altar of Trog.
 10134 | Lair:1   | Got a scorched rapier
 10135 | Lair:1   | Identified the +8 rapier of the Endless Expanse {holy, +Inv Int-5 SInv Stlth+} (You found it on level 1 of the Lair of Beasts)
 10509 | Lair:1   | Noticed a fire dragon
 10515 | Lair:1   | Reached skill level 1 in Evocations
 10517 | Lair:1   | Killed a fire dragon
 10517 | Lair:1   | Reached skill level 10 in Fighting
 10655 | Lair:2   | Reached skill level 10 in Short Blades
 10866 | Lair:2   | Found a staircase to the Shoals.
 11187 | Lair:2   | Noticed a five-headed hydra
 11191 | Lair:2   | Killed a five-headed hydra
 11191 | Lair:2   | Reached XP level 13. HP: 72/72 MP: 20/20
 11212 | Lair:2   | Found a staircase to the Snake Pit.
 11460 | Lair:3   | Got a citrine-encrusted leather armour
 11512 | Lair:3   | Identified the cursed +0 leather armour of Subjectivity {rElec rCorr SInv} (You found it on level 3 of the Lair of Beasts)
 11620 | Lair:3   | Learned a level 1 spell: Magic Dart
 11623 | Lair:3   | Learned a level 2 spell: Blink
 11674 | Lair:3   | Reached skill level 1 in Translocations
 12491 | Lair:4   | Noticed Urug
 12493 | Lair:4   | Killed Urug
 14073 | Lair:5   | Noticed Nessos
 14078 | Lair:5   | Killed Nessos
 14223 | Lair:5   | Found a sparkling altar of Nemelex Xobeh.
 14472 | Lair:5   | Found a runed door.
 14473 | Lair:5   | Found a viscous altar of Jiyva.
 14474 | Lair:5   | Noticed an acid blob
 14474 | Lair:5   | Noticed an acid blob
 14475 | Lair:5   | Found a staircase to the Slime Pits.
 14476 | Lair:5   | Noticed an acid blob
 14706 | Orc:1    | Entered Level 1 of the Orcish Mines
 14707 | Orc:1    | Noticed Snorg
 14756 | D:9      | Bought the +9 rapier of Pautecw {speed, MR+} for 904 gold pieces
 14811 | Orc:1    | Noticed Josephine
 14814 | Orc:1    | Killed Josephine
 14827 | Orc:1    | Found a roughly hewn altar of Beogh.
 14995 | Orc:1    | Killed Snorg
 15212 | Orc:1    | Noticed Fannar
 15251 | Orc:1    | Killed Fannar
 15302 | Orc:2    | Entered Level 2 of the Orcish Mines
 15304 | Orc:2    | Noticed a stone giant
 15309 | Orc:2    | Killed a stone giant
 15309 | Orc:2    | Reached skill level 5 in Translocations
 15392 | Orc:2    | Reached XP level 14. HP: 79/79 MP: 21/21
 15430 | Orc:1    | Noticed Nergalle
 15437 | Orc:1    | Killed Nergalle
 16001 | Orc:2    | Reached ***** piety under Dithmenos
 16008 | Orc:2    | Found a staircase to the Elven Halls.
 16634 | Orc:2    | Reached skill level 1 in Shields
 16671 | Orc:2    | Noticed Sonja
 16710 | Orc:2    | Killed Sonja
 17271 | Orc:2    | Reached skill level 10 in Invocations
 17418 | Orc:2    | Found Edebbikhuinn's General Store.
 17421 | Orc:2    | Found Ytros's Antique Weapon Shoppe.
 17422 | Orc:2    | Found Loxetro's Gadget Emporium.
 17423 | Orc:2    | Found Waix's Antique Armour Emporium.
 17427 | Orc:2    | Bought a pitted short sword for 224 gold pieces
 17427 | Orc:2    | Identified the +9 short sword "Zotin" {pierce, -Tele +Fly rElec SInv} (You bought it in a shop on level 2 of the Orcish Mines)
 18224 | D:13     | Found a gate to the Vaults.
 18260 | D:13     | Reached skill level 5 in Shields
 19345 | D:14     | Reached XP level 15. HP: 75/84 MP: 24/24
 19582 | D:14     | Got a dazzling leather armour
 19593 | D:14     | Identified the +3 leather armour of Eternal Vigilance {+Fly rC+ rCorr Int+2} (You found it on level 14 of the Dungeon)
 19916 | D:14     | Found an ancient bone altar of Kikubaaqudgha.
 20020 | D:15     | Entered Level 15 of the Dungeon
 20024 | D:15     | Found a shattered altar of Ashenzari.
 20340 | D:15     | Found a staircase to the Depths.
 20340 | D:15     | Noticed a fire giant
 20344 | D:15     | Killed a fire giant
 21256 | Snake:1  | Entered Level 1 of the Snake Pit
 21518 | Snake:1  | Identified a scroll of acquirement
 21522 | Snake:1  | Got a heavily runed golden ring
 21523 | Snake:1  | Identified the ring of Monotheism {rElec Str-3 Int+3 Dex+2} (You acquired it on level 1 of the Snake Pit)
 21865 | Snake:1  | Noticed a nagaraja
 21871 | Snake:1  | Killed a nagaraja
 22194 | Snake:1  | Reached XP level 16. HP: 88/88 MP: 26/26
 22300 | Snake:2  | Reached skill level 1 in Spellcasting
 22459 | Snake:2  | Found a blossoming altar of Fedhas.
 22918 | Snake:2  | Noticed a nagaraja
 23264 | Snake:2  | Killed a nagaraja
 23356 | Snake:2  | Noticed a nagaraja
 23357 | Snake:2  | Noticed a nagaraja
 23358 | Snake:2  | Noticed a nagaraja
 23556 | Snake:2  | Killed a nagaraja
 23727 | Snake:2  | Killed a nagaraja
 23781 | Snake:2  | Killed a nagaraja
 23818 | Snake:3  | Reached skill level 5 in Spellcasting
 23956 | Snake:2  | Reached skill level 10 in Translocations
 24141 | Snake:3  | Noticed a nagaraja
 24142 | Snake:3  | Noticed a nagaraja
 24165 | Snake:3  | Noticed a nagaraja
 24195 | Snake:4  | Entered Level 4 of the Snake Pit
 24451 | Snake:3  | Killed a nagaraja
 24460 | Snake:3  | Killed a nagaraja
 24659 | Snake:3  | Killed a nagaraja
 24659 | Snake:3  | Reached XP level 17. HP: 56/93 MP: 25/27
 24825 | Snake:3  | Noticed Agnes
 24842 | Snake:3  | Killed Agnes
 26462 | Snake:4  | Reached skill level 5 in Armour
 27272 | Snake:4  | Reached ****** piety under Dithmenos
 27674 | Snake:4  | Killed from afar by a lindwurm

Vault maps used:
D:1:      elethiomel_arrival_shortcut
D:2:      cheibrodos_old_hovel, zin_angel, minmay_octomino_j4
D:3:      uniq_sigmund
D:4:      grunt_temple_overflow_open, minivault_27, nemelex_dance_club_becter,
          uniq_edmund
D:5:      minmay_temple_entry_nine_rooms, first_bread, serial_shops, shop
D:6:      regret_index_temple_of_mockery, lightli_temple_of_fire
D:7:      grunt_temple_overflow_lords_of_destruction, kennysheep_generic_room_12
D:8:      gammafunk_temple_of_torment, basic_altar, uniq_pikel, uniq_grum
D:9:      david_lair_generic, serial_shops,
          nicolae_shop_temple_entry_statues_fountains, basic_altar,
          hangedman_pestilent_swarm, nemelex_altar_shiori
D:10:     serial_shops, nicolae_shop_trees, uniq_maurice
D:11:     orc_0_dummy
D:12:     basic_altar, lemuel_mausoleum_altar_kikubaaqudgha
D:13:     david_vaults_1
D:14:     lemuel_coloured_pillars_altar
D:15:     grunt_enter_depths_giant_problem, serial_park_square1,
          nicolae_ashenzari_panopticon
Temple:   minmay_temple_curvy_loop
Lair:1:   dragon1_lemuel, basic_altar
Lair:2:   elwin_shoals_entry_stream, guppyfry_snake_entry_island,
          nicolae_quartered_pool_super
Lair:3:   hangedman_lair_unloving_vines, lemuel_fruit_tree
Lair:4:   infiniplex_staircase_pool, uniq_urug
Lair:5:   slime_altar_2, basic_altar, uniq_nessos
Snake:1:  grunt_ministairs_7
Snake:2:  nicolae_cobra_stairs, lemuel_oklob_altar
Snake:3:  basic_stair_grate_trap, uniq_agnes
Snake:4:  snake_pit_salamanders_mu, grunt_ministairs_13, hangedman_venom_bottle
Orc:1:    mines2_david, uniq_josephine, uniq_snorg, uniq_nergalle, uniq_fannar
Orc:2:    st_orc_pillars, nicolae_orc_lava_tube, uniq_sonja

Skill      XL: |  1  2  3  4  5  6  7  8  9 10 11 12 13 14 15 16 17 |
---------------+----------------------------------------------------+-----
Stealth        | 5 6 7 9 10 11 12 | 12.3
Fighting       | 2 3 5 8 9 10 11 12 | 12.7
Short Blades   | 2 3 5 8 9 10 11 12 | 12.7
Armour         | 1 3 4 5 |  5.6
Invocations    | 2 6 7 8 9 11 12 | 12.9
Dodging        | 5 6 |  6.3
Evocations     | 3 4 |  4.2
Translocations | 5 6 11 | 11.9
Shields        | 6 9 |  9.8
Spellcasting   | 6 7 |  7.3
Throwing       | |  1.7

Action                   |  1- 3 |  4- 6 |  7- 9 | 10-12 | 13-15 | 16-18 || total
-------------------------+-------+-------+-------+-------+-------+-------++-------
Melee: Dagger            |    94 |   132 |   265 |       |       |       ||   491
       Bite              |    32 |    47 |   131 |   233 |   560 |   483 ||  1486
       Short sword       |       |       |   106 |   313 |       |       ||   419
       Unarmed           |       |       |       |     2 |       |       ||     2
       Rapier            |       |       |       |   208 |  1330 |  1121 ||  2659
 Fire: Blowgun           |       |     4 |     9 |     9 |    12 |    24 ||    58
 Cast: Apportation       |       |       |       |       |     2 |     3 ||     5
       Blink             |       |       |       |       |       |     2 ||     2
Invok: Shadow Step       |       |       |       |     5 |    15 |     5 ||    25
       Shadow Form       |       |       |       |       |     1 |       ||     1
 Abil: Evoke Invisibilit |       |       |       |       |     2 |       ||     2
Evoke: Wand              |       |       |       |     3 |       |     2 ||     5
  Use: Scroll            |     2 |     8 |    12 |     7 |    19 |    11 ||    59
       Potion            |       |     2 |     3 |     5 |     1 |     1 ||    12
 Stab: Sleeping          |     8 |     9 |    22 |    56 |    82 |    14 ||   191
       Distracted        |     1 |       |     2 |     1 |     8 |     4 ||    16
       Invisible         |       |       |     2 |     1 |     3 |       ||     6
  Eat: Chunk             |       |     5 |    12 |    14 |     3 |     2 ||    36
       Fruit             |       |       |       |     2 |    11 |    19 ||    32
       Royal jelly       |       |       |       |       |    13 |       ||    13
Armor: Robe              |    19 |    41 |     1 |       |       |       ||    61
       Ring mail         |       |       |   102 |   118 |   229 |   173 ||   622
       Skin              |       |       |       |     1 |       |       ||     1
Dodge: Dodged            |    48 |    76 |   151 |   267 |   444 |   227 ||  1213
Block: Large shield      |       |       |       |       |   375 |   717 ||  1092

Table legend:
 A = Spawn XP
 B = Non-spawn XP
 C = Spawn XP percentage of total XP
 D = Spawn monster count
 E = Non-spawn monster count
 F = Spawn count percentage of total count
 G = Total turns spent on level
                    A         B        C        D         E        F      G
               +---------+---------+-------+---------+---------+-------+---------
         Total |       0 |  237408 |   0.0 |       0 |     889 |   0.0 | 27674
               +---------+---------+-------+---------+---------+-------+---------
           D:1 |       0 |      50 |   0.0 |       0 |      29 |   0.0 |   861
           D:2 |       0 |      52 |   0.0 |       0 |      14 |   0.0 |   633
           D:3 |       0 |     383 |   0.0 |       0 |      24 |   0.0 |   603
           D:4 |       0 |     554 |   0.0 |       0 |      20 |   0.0 |   728
           D:5 |       0 |     495 |   0.0 |       0 |      26 |   0.0 |  1044
           D:6 |       0 |     889 |   0.0 |       0 |      19 |   0.0 |   860
           D:7 |       0 |    1144 |   0.0 |       0 |      26 |   0.0 |   922
           D:8 |       0 |    1853 |   0.0 |       0 |      13 |   0.0 |   512
           D:9 |       0 |    5145 |   0.0 |       0 |      32 |   0.0 |  1225
          D:10 |       0 |    1981 |   0.0 |       0 |      30 |   0.0 |   903
          D:11 |       0 |    1911 |   0.0 |       0 |      28 |   0.0 |  1031
          D:12 |       0 |    6986 |   0.0 |       0 |      49 |   0.0 |  1382
          D:13 |       0 |    8539 |   0.0 |       0 |      35 |   0.0 |  1225
          D:14 |       0 |   12121 |   0.0 |       0 |      28 |   0.0 |   906
          D:15 |       0 |   16357 |   0.0 |       0 |      42 |   0.0 |   914
        Lair:1 |       0 |    4459 |   0.0 |       0 |      16 |   0.0 |   703
        Lair:2 |       0 |    7991 |   0.0 |       0 |      27 |   0.0 |  1217
        Lair:3 |       0 |    3834 |   0.0 |       0 |      18 |   0.0 |  1034
        Lair:4 |       0 |    4247 |   0.0 |       0 |      16 |   0.0 |  1061
        Lair:5 |       0 |    4460 |   0.0 |       0 |      16 |   0.0 |   670
       Snake:1 |       0 |   15634 |   0.0 |       0 |      28 |   0.0 |  1104
       Snake:2 |       0 |   31468 |   0.0 |       0 |      54 |   0.0 |  1640
       Snake:3 |       0 |   28581 |   0.0 |       0 |      41 |   0.0 |  1352
       Snake:4 |       0 |   53214 |   0.0 |       0 |     100 |   0.0 |  2322
         Orc:1 |       0 |    7111 |   0.0 |       0 |      29 |   0.0 |   775
         Orc:2 |       0 |   17949 |   0.0 |       0 |     129 |   0.0 |  1872
               +---------+---------+-------+---------+---------+-------+---------
